 Dungeon Crawl Stone Soup version 0.26.1-11-gd32895ea62 (webtiles) character file.

Game seed: 3808911206500787845

34 Almogavar the Conjurer (level 3, -1/19 HPs)
             Began as a Deep Elf Conjurer on May 9, 2021.
             Slain by Sigmund
             ... wielding a +0 scythe
              (4 damage)
             ... on level 2 of the Dungeon.
             The game lasted 00:04:28 (1271 turns).

Almogavar the Conjurer (Deep Elf Conjurer)          Turns: 1271, Time: 00:04:29

Health: -1/19      AC:  3    Str:  4    XL:     3   Next: 14%
Magic:  0/9        EV:  9    Int: 23    God:
Gold:   57         SH:  0    Dex: 13    Spells: 5/8 levels left

rFire    . . .     SeeInvis .   (no weapon)
rCold    . . .     Faith    .   (no shield)
rNeg     . . .     Spirit   .   a - +0 robe
rPois    .         Reflect  .   l - +0 helmet
rElec    .         Harm     .   (no cloak)
rCorr    .         Rampage  .   (no gloves)
Will     +....                  (no boots)
Stlth    ++........             (no amulet)
HPRegen  0.06/turn              b - -4 ring of evasion (curse)
MPRegen  0.11/turn              c - ring of willpower

@: no status effects
A: no striking features
a: no special abilities


You were on level 2 of the Dungeon.
You visited 1 branch of the dungeon, and saw 2 of its levels.

You collected 57 gold pieces.

Inventory:

Hand Weapons
 j - a +0 dagger
Armour
 a - a +0 robe (worn)
 i - a +0 leather armour
 l - a +0 helmet (worn)
Jewellery
 b - a cursed -4 ring of evasion (left hand)
 c - a ring of willpower (right hand)
 d - an uncursed ring of fire {unknown}
 e - an uncursed ring of stealth
Potions
 g - a potion of ambrosia
 h - a potion of flight {unknown}
 k - a potion of curing {unknown}


   Skills:
 + Level 2.6 Dodging
 + Level 2.5 Stealth
 + Level 3.3 Spellcasting
 + Level 5.2 Conjurations


You had 5 spell levels left.
You knew the following spells:

 Your Spells              Type           Power        Failure   Level
a - Magic Dart            Conj           100%         1%          1
b - Searing Ray           Conj           56%          1%          2

Your spell library contained the following spells:

 Spells                   Type           Power        Failure   Level
 Dazzling Flash           Conj/Hex       32%          12%         3
 Fulminant Prism          Conj/Hex       8%           36%         4
 Iskenderun's Mystic Bla  Conj/Tloc      16%          36%         4


Dungeon Overview and Level Annotations

Branches:
Dungeon (2/15)

Altars:

Annotations:
D:2 Sigmund


Message History

Sigmund misses you.
The searing ray misses Sigmund.
Sigmund hits you from afar with a +0 scythe!
* * * LOW HITPOINT WARNING * * *
The searing ray hits Sigmund!
Sigmund is severely wounded.
The searing ray misses Sigmund.
You finish channeling your searing ray.
Sigmund hits you from afar with a +0 scythe.
* * * LOW HITPOINT WARNING * * *
Sigmund barely misses you.
Casting: Searing Ray (safe; 1% risk of failure)
Confirm with . or Enter, or press ? or * to list all spells.
Aiming: Searing Ray (safe; 1% risk of failure)
Press: ? - help, Shift-Dir - straight line, f/p - Sigmund
Aim: Sigmund, wielding a +0 scythe and wearing a +0 robe (severely wounded, 23% to evade)
The searing ray misses Sigmund. (Press . to maintain the ray.) Without enough magic to sustain it, your searing ray dissipates.
Sigmund hits you from afar with a +0 scythe.
You die...

#.........#......#..##.#..
#####.#####..)...#..†..#.#
#.# #......##....# # #.#
#......#..#.... #.#
#..>.........### #@#
##......#.^...# #.#
##.............. #.#
#.........(.#
#.###@....###...
#.#@...##....... #.....##
####... #....## #....#
#....# #†...# #....#
#....#


You could see Sigmund.

Vanquished Creatures
  2 leopard geckos (D:1)
  2 ball pythons
  A giant cockroach (D:1)
  2 hobgoblins (D:2)
  A kobold (D:1)
  A bat (D:2)
  3 frilled lizards
  10 goblins
  11 rats
33 creatures vanquished.

Notes
Turn   | Place    | Note
-------+----------+-------------------------------------------
     0 | D:1      | Almogavar the Deep Elf Conjurer began the quest for the
                  | Orb.
     0 | D:1      | Reached XP level 1. HP: 10/10 MP: 6/6
   598 | D:1      | Reached XP level 2. HP: 15/15 MP: 6/8
   714 | D:1      | Learned a level 2 spell: Searing Ray
   878 | D:1      | Reached skill level 5 in Conjurations
  1058 | D:2      | Noticed Sigmund
  1125 | D:2      | Reached XP level 3. HP: 19/19 MP: 7/9
  1271 | D:2      | Slain by Sigmund

Illustrated notes

Levels and vault maps discovered:
D:1:      dpeg_arrival_ratfight, layout_basic
D:2:      layout_rooms, minmay_goblin_outpost, uniq_sigmund, uniq_terence

Skill      XL: |  1  2 |
---------------+-------+-----
Conjurations   | 5 |  5.2
Dodging        | |  2.6
Stealth        | |  2.5
Spellcasting   | |  3.3

Action                   || total
-------------------------++-------
 Cast: Magic Dart        ||    43
       Searing Ray       ||     3
  Use: Scroll            ||     3
Dodge: Dodged            ||     4
